 Dungeon Crawl Stone Soup version 0.22-a0-109-gbeb7240 (webtiles) character file.

29565 KristoblXynda the Unseen (level 13, -1/63 HPs)
             Began as a Spriggan Enchanter on Jan 26, 2018.
             Was an Initiate of Gozag.
             Slain by a red ugly thing (18 damage)
             ... on level 14 of the Dungeon.
             The game lasted 00:55:57 (19574 turns).

KristoblXynda the Unseen (Spriggan Enchanter)      Turns: 19574, Time: 00:55:59

Health: -1/63      AC: 10    Str:  5    XL:     13   Next: 15%
Magic:  13/31      EV: 29    Int: 24    God:    Gozag
Gold:   2754       SH:  0    Dex: 17    Spells: 31/39 levels left

rFire    . . .     SeeInvis +   t - +1 dagger of Toheddyq {flame, +Blink}
rCold    . . .     Gourm    .   (shield restricted)
rNeg     + . .     Faith    .   l - +2 robe {rN+}
rPois    +         Spirit   .   G - +2 hat
rElec    .         Reflect  .   E - +1 cloak
rCorr    .         Harm     .   (gloves unavailable)
MR       ++...                  (boots unavailable)
Stlth    ++++++....             m - amulet of rage
HPRegen  0.20/turn              z - +4 ring of evasion
MPRegen  0.22/turn              u - ring of poison resistance

@: very quick
A: very small, unfitting armour, thin metallic scales 1, see invisible, clever
2, herbivore, speed 3, slow metabolism 2
a: Potion Petition, Call Merchant, Bribe Branch, Renounce Religion, Evoke Blink,
Evoke Berserk Rage


You were on level 14 of the Dungeon.
You worshipped Gozag.
Gozag was most pleased with you.
You were hungry.

You visited 3 branches of the dungeon, and saw 16 of its levels.

You collected 2985 gold pieces.
You spent 96 gold pieces at shops.
You paid 135 gold pieces to Gozag.

Inventory:

Hand Weapons
 t - the +1 dagger of Toheddyq (weapon) {flame, +Blink}
   (You found it on level 4 of the Dungeon)

   It has been specially enchanted to burn those struck by it, causing extra
   injury to most foes and up to half again as much damage against particularly
   susceptible opponents.
   It lets you blink.
 F - a +5 short sword of draining
Missiles
 D - 2 throwing nets (quivered)
Armour
 l - a +2 robe of positive energy (worn)
 E - a +1 cloak (worn)
 G - a +2 hat (worn)
 J - a +2 robe of fire resistance
Jewellery
 b - an uncursed ring of wizardry
 m - an amulet of rage (around neck)
 n - an uncursed ring of protection from cold
 u - a ring of poison resistance (right hand)
 z - a +4 ring of evasion (left hand)
 K - the amulet of Cenluq {Harm *Drain MR+, unknown}
   (You took it off a wight on level 13 of the Dungeon)

   [amulet of harm]

   It increases damage dealt and taken.
   It affects your resistance to hostile enchantments.
   It causes draining when unequipped.
Wands
 s - a wand of paralysis (8)
 y - a wand of disintegration (13)
 A - a wand of digging (16)
 C - a wand of acid (9)
 I - a wand of iceblast (7)
Scrolls
 h - 3 scrolls of fear
 i - a scroll of identify
 j - 5 scrolls of teleportation
 r - 2 scrolls of magic mapping
 x - 4 scrolls of remove curse
 L - a scroll of amnesia
Potions
 a - 5 potions of berserk rage
 e - 3 potions of agility {unknown}
 f - 3 potions of heal wounds
 g - 3 potions of lignification
 k - 3 potions of magic
 p - 2 potions of brilliance
 q - 2 potions of resistance
 v - 6 potions of curing
 w - 3 potions of flight
 H - a potion of ambrosia {unknown}
Books
 c - a book of Maledictions

   Spells                             Type                      Level
   a - Corona                         Hexes                        1
   b - Ensorcelled Hibernation        Hexes/Ice                    2
   c - Confuse                        Hexes                        3
   d - Tukima's Dance                 Hexes                        3
   e - Dazzling Spray                 Conjuration/Hexes            3
 o - a book of Death

   Spells                             Type                      Level
   a - Corpse Rot                     Necromancy                   2
   b - Sublimation of Blood           Necromancy                   2
   c - Agony                          Necromancy                   5
   d - Dispel Undead                  Necromancy                   5
   e - Excruciating Wounds            Charms/Necromancy            5
   f - Bolt of Draining               Conjuration/Necromancy       5
Miscellaneous
 B - a box of beasts
Comestibles
 d - 18 rations


   Skills:
 - Level 5.1 Fighting
 - Level 5.6 Short Blades
 + Level 9.2 Dodging
 - Level 15.0 Stealth
 + Level 13.5 Spellcasting
 + Level 13.7 Hexes
 + Level 9.2 Evocations


You had 31 spell levels left.
You knew the following spells:

 Your Spells              Type           Power        Failure   Level  Hunger
b - Ensorcelled Hibernat  Hex/Ice        #####.       1%          2    None
c - Confuse               Hex            ######..     1%          3    None
d - Tukima's Dance        Hex            ######..     1%          3    None


Dungeon Overview and Level Annotations

Branches:
Dungeon (14/15)            Temple (1/1) D:6            Lair (0/6) D:10
    Orc (1/2) D:10         Vaults (0/5) D:13

Altars:
Ashenzari
Cheibriados
Dithmenos
Elyvilon
Fedhas
Gozag
Hepliaklqana
Kikubaaqudgha
Makhleb
Nemelex Xobeh
Okawaru
Qazlal
Ru
Sif Muna
Trog
Uskayaw
Vehumet
Wu Jian
Xom
Yredelemnul
Zin
The Shining One
Lugonu

Shops:
D:9 [   D:10 }

Annotations:
D:8 Grum
D:12 Azrael


Innate Abilities, Weirdness & Mutations

You are very small and have problems with some larger weapons.
You are too small for most types of armour.
You have supernaturally acute eyesight. (SInv)
You are a herbivore.
You cover ground extremely quickly.
You need consume almost no food.
You are partially covered in thin metallic scales. (AC +2)
Your mind is very acute. (Int +4)


Message History

Press: ? - help, Shift-Dir - straight line, f/p - red ugly thing
Aim: a red ugly thing (chance to defeat MR: 65%)
The red ugly thing appears confused.
The worker ant completely misses you.
The red ugly thing closely misses the red ugly thing.
The red ugly thing is distracted by the nearby gold.
The worker ant completely misses you.
The purple ugly thing gurgles horribly!
You hit the worker ant. You burn the worker ant.
The worker ant is moderately wounded.
The red ugly thing pecks the red ugly thing!
The red ugly thing is engulfed in flames!
The red ugly thing resists.
The red ugly thing is no longer distracted by gold.
You completely miss the worker ant.
The worker ant is moderately wounded.
The worker ant closely misses you. The red ugly thing pecks you.
* * * LOW HITPOINT WARNING * * *
You are engulfed in flames!!
You die...
Your body crumbles into a pile of gold.

#. #.# # #.# .. #.#
... #####.# ...
.....# ..#
#..#####..#######...#
#........Z.u.uu@a...#
#...####.u########D.#
#.....##..# #
#.....##.u# #..#
#.....##..# #..#
.#.........# #..#
......u###Z# #..#
#..#...u.uu# #..# .#
#..#...##### #..# .#


You could see 4 ugly things, an acid dragon (confused), a worker ant and a
centaur warrior zombie.

Vanquished Creatures
  Gastronok (D:8)
  Snorg (D:11)
  7 vault guards (D:13)
  A hydra (D:11)
  Erica (D:9)
  5 two-headed ogres
  An unseen horror (D:11)
  Pikel (D:6)
  6 ugly things
  A manticore (D:11)
  Maurice (D:8)
  Joseph (D:7)
  A centaur zombie (D:11)
  A gargoyle (D:13)
  A komodo dragon (D:10)
  An efreet (D:14)
  A yaktaur (shapeshifter) (D:13)
  Grinder (D:5)
  A hornet (D:12)
  2 trolls
  A merfolk (D:9)
  2 hippogriffs
  A vampire (D:11)
  3 wyverns
  Sigmund (D:6)
  2 fire elementals (D:12)
  3 shadows
  3 yaks (D:12)
  A basilisk (D:10)
  2 hungry ghosts
  The ghost of Paulus the Shield-Bearer, an amateur GrFi (D:3)
  Edmund (D:4)
  A water moccasin (D:12)
  An acid dragon (D:10)
  3 sky beasts (D:8)
  A phantom (D:10)
  3 black bears
  2 ice beasts
  3 eyes of draining
  A necrophage (D:9)
  9 ogres
  7 centaurs
  3 orc warriors
  A crocodile (D:9)
  A wolf (D:7)
  2 big kobolds
  11 bullfrogs
  4 scorpions
  18 killer bees
  6 wights
  5 howler monkeys
  2 bullfrog zombies
  7 crimson imps
  2 quasits
  2 centaur skeletons
  9 hounds
  2 jellies
  9 orc priests
  2 bullfrog skeletons
  14 orc wizards
  4 iguanas
  3 worker ants
  A hound zombie (D:9)
  A hound skeleton (D:7)
  A howler monkey zombie (D:7)
  A worker ant zombie (D:6)
  9 adders
  4 gnolls
  2 shadow imps
  3 adder skeletons
  An adder zombie (D:9)
  2 worms (D:3)
  3 dart slugs (D:3)
  3 leopard geckos
  36 orcs
  A ball python (D:2)
  6 giant cockroaches
  2 goblins
  4 hobgoblins
  20 jackals
  9 quokkas
  2 bats
  4 frilled lizards
  A jackal skeleton (D:5)
  35 kobolds
  8 rats
  3 plants (D:9)
357 creatures vanquished.

Vanquished Creatures (collateral kills)
  A vault guard (D:13)
  5 two-headed ogres
  An orc warrior (D:10)
  5 wights (D:13)
  An orc priest (D:10)
13 creatures vanquished.

Vanquished Creatures (others)
  4 slime creatures (D:12)
  4 dancing weapons
  2 slaves (D:6)
  A bullfrog (D:12)
  A worker ant (D:6)
  A hound skeleton (D:9)
  An adder (D:6)
  6 plants
20 creatures vanquished.

Grand Total: 390 creatures vanquished

Notes
Turn   | Place    | Note
-------+----------+-------------------------------------------
     0 | D:1      | KristoblXynda the Spriggan Enchanter began the quest for the Orb.
     0 | D:1      | Reached XP level 1. HP: 9/9 MP: 5/5
  1102 | D:1      | Reached XP level 2. HP: 12/13 MP: 7/7
  1104 | D:1      | Found a shimmering altar of Xom.
  1126 | D:1      | Learned a level 2 spell: Ensorcelled Hibernation
  1344 | D:2      | Found a sacrificial altar of Ru.
  1467 | D:2      | Reached skill level 5 in Stealth
  1669 | D:2      | Reached XP level 3. HP: 9/16 MP: 3/8
  1796 | D:2      | Learned a level 3 spell: Confuse
  1991 | D:2      | Reached XP level 4. HP: 21/21 MP: 10/10
  2368 | D:3      | Found an iron altar of Okawaru.
  2480 | D:3      | Noticed Paulus's ghost (amateur GrFi)
  2493 | D:3      | Killed Paulus's ghost
  2493 | D:3      | Reached skill level 6 in Stealth
  2493 | D:3      | Reached skill level 5 in Hexes
  2493 | D:3      | Reached XP level 5. HP: 24/24 MP: 8/12
  2739 | D:3      | Found a snail-covered altar of Cheibriados.
  3135 | D:3      | Reached skill level 7 in Stealth
  3135 | D:3      | Reached XP level 6. HP: 21/28 MP: 3/14
  3320 | D:4      | Found a shimmering altar of Xom.
  3376 | D:4      | Noticed Edmund
  3407 | D:4      | Killed Edmund
  3407 | D:4      | Reached skill level 5 in Spellcasting
  3636 | D:4      | Got a scorched dagger
  3637 | D:4      | Identified the cursed +1 dagger of Toheddyq {flame, +Blink} (You found it on level 4 of the Dungeon)
  3690 | D:4      | Found a burning altar of Makhleb.
  3760 | D:4      | Found a hide-covered altar of Uskayaw.
  4423 | D:5      | Entered Level 5 of the Dungeon
  4423 | D:5      | Noticed Grinder
  4639 | D:4      | Learned a level 3 spell: Tukima's Dance
  4735 | D:5      | Reached skill level 8 in Stealth
  4735 | D:5      | Reached XP level 7. HP: 32/32 MP: 11/16
  5314 | D:5      | Reached skill level 9 in Stealth
  5436 | D:5      | Killed Grinder
  5436 | D:5      | Reached XP level 8. HP: 24/36 MP: 10/19
  5923 | D:5      | Found a sparkling altar of Nemelex Xobeh.
  6112 | D:6      | Found an ornate altar of the Wu Jian Council.
  6113 | D:6      | Noticed Pikel
  6175 | D:6      | Killed Pikel
  6175 | D:6      | Reached skill level 10 in Stealth
  6381 | D:6      | Found a bloodstained altar of Trog.
  6396 | D:6      | Found a white marble altar of Elyvilon.
  6427 | D:6      | Noticed Sigmund
  6433 | D:6      | Killed Sigmund
  6482 | D:6      | Found a staircase to the Ecumenical Temple.
  6491 | Temple   | Entered the Ecumenical Temple
  6518 | Temple   | Became a worshipper of Gozag Ym Sagoz the Greedy
  6611 | D:6      | Reached XP level 9. HP: 38/39 MP: 11/21
  6733 | D:6      | Reached skill level 5 in Short Blades
  7664 | D:7      | Reached skill level 11 in Stealth
  7971 | D:7      | Found a stormy altar of Qazlal.
  8097 | D:7      | Reached skill level 1 in Fighting
  8241 | D:7      | Noticed Joseph
  8293 | D:7      | Killed Joseph
  8510 | D:7      | Found a basalt altar of Yredelemnul.
  8859 | D:8      | Noticed a two-headed ogre
  8876 | D:8      | Noticed Maurice
  8885 | D:8      | Killed Maurice
  8885 | D:8      | Reached skill level 12 in Stealth
  8923 | D:8      | Reached XP level 10. HP: 47/47 MP: 17/24
  8975 | D:8      | Killed a two-headed ogre
  9007 | D:8      | Reached skill level 10 in Hexes
  9264 | D:8      | Noticed a two-headed ogre
  9264 | D:8      | Noticed a two-headed ogre
  9272 | D:8      | Killed a two-headed ogre
  9341 | D:8      | Killed a two-headed ogre
  9341 | D:8      | Reached skill level 10 in Spellcasting
  9723 | D:8      | Noticed Gastronok
 10181 | D:8      | Reached skill level 13 in Stealth
 10459 | D:8      | Noticed Grum
 10581 | D:8      | Killed Gastronok
 10769 | D:8      | Gained mutation: You tend to lose your temper in combat. [potion of mutation]
 10769 | D:8      | Gained mutation: Your spells are a little harder to cast, but a little more powerful. [potion of mutation]
 10769 | D:8      | Gained mutation: You evolve. [potion of mutation]
 10772 | D:8      | Lost mutation: You tend to lose your temper in combat. [potion of mutation]
 10772 | D:8      | Lost mutation: Your spells are a little harder to cast, but a little more powerful. [potion of mutation]
 10772 | D:8      | Gained mutation: You are clumsy. (Dex -2) [potion of mutation]
 10772 | D:8      | Gained mutation: You possess an exceptional clarity of mind. [potion of mutation]
 10773 | D:8      | Lost mutation: You evolve. [potion of mutation]
 10773 | D:8      | Lost mutation: You are clumsy. (Dex -2) [potion of mutation]
 10773 | D:8      | Lost mutation: You possess an exceptional clarity of mind. [potion of mutation]
 10773 | D:8      | Gained mutation: You are partially covered in thin metallic scales. (AC +2) [potion of mutation]
 10773 | D:8      | Gained mutation: Your mind is acute. (Int +2) [potion of mutation]
 10773 | D:8      | Gained mutation: Your mind is very acute. (Int +4) [potion of mutation]
 10821 | D:8      | Reached XP level 11. HP: 51/54 MP: 23/26
 10834 | D:9      | Noticed Erica
 10870 | D:9      | Killed Erica
 11132 | D:9      | Noticed a two-headed ogre
 11153 | D:9      | Killed a two-headed ogre
 11153 | D:9      | Reached skill level 14 in Stealth
 11447 | D:9      | Found a radiant altar of Vehumet.
 11549 | D:9      | Found Xaetih's Antique Armour Emporium.
 11569 | D:9      | Bought an embroidered robe for 96 gold pieces
 11632 | D:9      | Reached skill level 5 in Fighting
 12493 | D:9      | Found a deep blue altar of Sif Muna.
 12710 | D:10     | Entered Level 10 of the Dungeon
 12775 | D:10     | Noticed a two-headed ogre
 12800 | D:10     | Killed a two-headed ogre
 12800 | D:10     | Reached skill level 1 in Evocations
 13028 | D:10     | Found Lupnar's Gadget Shoppe.
 13249 | D:10     | Found a staircase to the Orcish Mines.
 13781 | D:10     | Found a staircase to the Lair.
 14163 | Orc:1    | Entered Level 1 of the Orcish Mines
 14170 | Orc:1    | Noticed an orc knight
 14315 | D:11     | Noticed a four-headed hydra
 14327 | D:11     | Killed a four-headed hydra
 14538 | D:11     | Noticed a white ugly thing
 14563 | D:11     | Killed a white ugly thing
 14563 | D:11     | Reached skill level 15 in Stealth
 14711 | D:11     | Noticed a two-headed ogre
 14714 | D:11     | Noticed an unseen horror
 14716 | D:11     | Killed a two-headed ogre
 14722 | D:11     | Killed an unseen horror
 14722 | D:11     | Reached skill level 5 in Evocations
 14760 | D:11     | Reached XP level 12. HP: 48/60 MP: 22/29
 15232 | D:11     | Reached skill level 5 in Dodging
 15533 | D:11     | Noticed Snorg
 15578 | D:11     | Killed Snorg
 16366 | D:12     | Noticed a two-headed ogre
 16452 | D:12     | Killed a two-headed ogre
 16913 | D:12     | Noticed Azrael
 18092 | D:13     | Found a gate to the Vaults.
 18092 | D:13     | Noticed a vault guard
 18092 | D:13     | Noticed a vault guard
 18092 | D:13     | Noticed a vault guard
 18092 | D:13     | Noticed a vault guard
 18092 | D:13     | Noticed a vault guard
 18093 | D:13     | Noticed a vault guard
 18093 | D:13     | Noticed a vault guard
 18093 | D:13     | Noticed a vault guard
 18098 | D:13     | Killed a vault guard
 18107 | D:13     | Killed a vault guard
 18120 | D:13     | Killed a vault guard
 18139 | D:13     | Killed a vault guard
 18154 | D:13     | Killed a vault guard
 18154 | D:13     | Killed a vault guard
 18225 | D:13     | Killed a vault guard
 18514 | D:13     | Killed a vault guard
 18514 | D:13     | Reached XP level 13. HP: 63/63 MP: 21/31
 18768 | D:13     | Got a crude ivory amulet
 19243 | D:14     | Found a blossoming altar of Fedhas.
 19574 | D:14     | Slain by a red ugly thing

Vault maps used:
D:1:      saegor_arrival_simple_f, xom_teletrap_fun
D:2:      nicolae_ru_great_annihilating_truth, lemuel_flame_loot_1
D:3:      kennysheep_slug_shrine, okawaru_gym_becter
D:4:      lightli_temple_of_fire, kennysheep_little_box, marbit_many_paths,
          uniq_edmund
D:5:      nemelex_xobeh_ov_fountains_minmay, first_ration, uniq_grinder
D:6:      trog_eyes_of_draining, elyvilon_altar_3,
          nicolae_overflow_crystal_walls, lemuel_temple_firewalk_b, uniq_pikel,
          uniq_sigmund
D:7:      grunt_qazlal_sundering, lemuel_doored_altar, uniq_joseph
D:8:      cheibrodos_two_vegetables, uniq_gastronok, uniq_maurice, uniq_grum
D:9:      kennysheep_kobold_camp, kennysheep_mini, serial_shops,
          nicolae_shop_statue_plus, hangedman_fish_farm, led_sif_pool,
          uniq_erica
D:10:     erik_lair_dragon, orc_0_dummy, serial_shops, shop
D:11:     uniq_snorg
D:12:     uniq_azrael
D:13:     erik_vaults_2
D:14:     serial_shops, shop, hangedman_decor_growths, fedhas_altar_3,
          uniq_frances
Temple:   corrupted_temple
Orc:1:    serial_shops, uniq_nergalle, uniq_josephine

Skill      XL: |  1  2  3  4  5  6  7  8  9 10 11 12 13 |
---------------+----------------------------------------+-----
Spellcasting   | 3 4 5 6 7 9 10 12 13 | 13.5
Hexes          | 4 5 6 7 8 9 11 12 13 | 13.7
Stealth        | 5 6 7 8 9 10 12 13 15 | 15.0
Short Blades   | 3 4 5 |  5.6
Fighting       | 2 4 5 |  5.1
Evocations     | 5 8 9 |  9.2
Dodging        | 4 8 9 |  9.2

Action                   |  1- 3 |  4- 6 |  7- 9 | 10-12 | 13-15 || total
-------------------------+-------+-------+-------+-------+-------++-------
Melee: Dagger            |   107 |   177 |   395 |  1132 |    77 ||  1888
       Short sword       |       |       |       |    55 |       ||    55
 Cast: Ensorcelled Hiber |    10 |    18 |    70 |   100 |     2 ||   200
       Confuse           |       |     2 |    10 |    66 |    12 ||    90
       Tukima's Dance    |       |       |     2 |    19 |    13 ||    34
Evoke: Wand              |       |       |       |    16 |     1 ||    17
  Use: Scroll            |     4 |     5 |     5 |    14 |       ||    28
       Potion            |       |     1 |     1 |     3 |       ||     5
 Stab: Sleeping          |    14 |    27 |    56 |    90 |     4 ||   191
       Paralysed         |     1 |       |       |     2 |       ||     3
       Confused          |       |     4 |     8 |    40 |     6 ||    58
       Distracted        |       |       |       |     6 |     2 ||     8
  Eat: Ration            |       |     2 |     2 |     6 |       ||    10
Armor: Robe              |     2 |     8 |    21 |    90 |     5 ||   126
Dodge: Dodged            |    71 |   122 |   219 |   545 |    56 ||  1013

Table legend:
 A = Spawn XP
 B = Non-spawn XP
 C = Spawn XP percentage of total XP
 D = Spawn monster count
 E = Non-spawn monster count
 F = Spawn count percentage of total count
 G = Total turns spent on level
                    A         B        C        D         E        F      G
               +---------+---------+-------+---------+---------+-------+---------
         Total |       0 |   42237 |   0.0 |       0 |     367 |   0.0 | 19574
               +---------+---------+-------+---------+---------+-------+---------
           D:1 |       0 |      19 |   0.0 |       0 |      13 |   0.0 |  1315
           D:2 |       0 |      79 |   0.0 |       0 |      17 |   0.0 |   993
           D:3 |       0 |     288 |   0.0 |       0 |      29 |   0.0 |  1003
           D:4 |       0 |     226 |   0.0 |       0 |      11 |   0.0 |  1347
           D:5 |       0 |    1229 |   0.0 |       0 |      31 |   0.0 |  1361
           D:6 |       0 |    1421 |   0.0 |       0 |      20 |   0.0 |  1540
           D:7 |       0 |    1734 |   0.0 |       0 |      35 |   0.0 |  1505
           D:8 |       0 |    6050 |   0.0 |       0 |      32 |   0.0 |  1727
           D:9 |       0 |    3237 |   0.0 |       0 |      43 |   0.0 |  1878
          D:10 |       0 |    3222 |   0.0 |       0 |      33 |   0.0 |  1560
          D:11 |       0 |    8325 |   0.0 |       0 |      36 |   0.0 |  1867
          D:12 |       0 |    3634 |   0.0 |       0 |      25 |   0.0 |  1359
          D:13 |       0 |   11880 |   0.0 |       0 |      40 |   0.0 |  1982
          D:14 |       0 |     893 |   0.0 |       0 |       2 |   0.0 |    89
               +---------+---------+-------+---------+---------+-------+---------
